 Dungeon Crawl Stone Soup version 0.26-a0-1213-gd52f5182fe (webtiles) character file.

Game seed: 10976966462595990392

5901 Conn the Firebug (level 10, -4/65 HPs)
             Began as an Octopode Fire Elementalist on Dec 30, 2020.
             Was an Initiate of Sif Muna.
             Killed by miscasting Fireball (11 damage)
             ... on level 10 of the Dungeon.
             The game lasted 00:31:05 (11386 turns).

Conn the Firebug (Octopode Fire Elementalist)      Turns: 11386, Time: 00:31:08

Health: -4/65      AC:  1    Str:  8    XL:     10   Next: 82%
Magic:  5/20       EV: 15    Int: 20    God:    Sif Muna [......]
Gold:   401        SH:  0    Dex: 13    Spells: 6/22 levels left

rFire    . . .     SeeInvis .   b - +4 hand axe (venom)
rCold    . . .     Faith    .   (no shield)
rNeg     . . .     Spirit   .   (helmet restricted)
rPois    .         Reflect  .   t - amulet of regeneration
rElec    .         Harm     .   r - ring of resist corrosion
rCorr    +         Rampage  .   (no ring)
Will     .....                  (no ring)
Stlth    ++++......             (no ring)
HPRegen  0.60/turn              (no ring)
MPRegen  0.17/turn              (no ring)
                                (no ring)
                                (no ring)

@: very slightly contaminated
A: almost no armour, stealthy swim, amphibious, 8 rings, constrict 8, camouflage
1, gelatinous body 1
a: Renounce Religion


You were on level 10 of the Dungeon.
You worshipped Sif Muna.
Sif Muna was noncommittal.
You visited 2 branches of the dungeon, and saw 11 of its levels.

You collected 544 gold pieces.
You spent 143 gold pieces at shops.

Inventory:

Hand Weapons
 b - a +4 hand axe of venom (weapon)
Armour
 D - a +0 kite shield
Jewellery
 r - a ring of resist corrosion (left tentacle)
 t - an amulet of regeneration (around mantle)
Wands
 h - a wand of random effects (37)
 A - a wand of acid (27)
 B - a wand of paralysis (8)
 E - a wand of flame (9)
 H - a wand of polymorph (14)
Scrolls
 a - 10 scrolls of identify {unknown}
 c - 2 scrolls of fog {unknown}
 d - 3 scrolls of teleportation
 g - a scroll of fear {unknown}
 j - 5 scrolls of remove curse {unknown}
 u - a scroll of enchant armour {unknown}
 v - 2 scrolls of immolation {unknown}
 w - a scroll of magic mapping {unknown}
 x - a scroll of amnesia {unknown}
 y - 2 scrolls of random uselessness {unknown}
 C - 2 scrolls of blinking {unknown}
 F - a scroll of noise {unknown}
 G - 2 scrolls of enchant weapon {unknown}
Potions
 f - a potion of invisibility
 i - a potion of cancellation {unknown}
 k - a potion of resistance {unknown}
 l - 3 potions of lignification {unknown}
 m - a potion of degeneration {unknown}
 n - a potion of haste {unknown}
 o - a potion of attraction {unknown}
 p - a potion of mutation {unknown}
 q - a potion of berserk rage {unknown}
 s - a potion of flight {unknown}
 z - 2 potions of brilliance {unknown}
 I - a potion of heal wounds {unknown}


   Skills:
 + Level 4.5 Fighting
 + Level 5.6 Axes
 + Level 4.0 Dodging
 + Level 6.6 Stealth
 + Level 6.8 Spellcasting
 + Level 6.6 Conjurations
 + Level 7.1 Fire Magic
 * Level 5.7 Evocations


You had 6 spell levels left.
You knew the following spells:

 Your Spells              Type           Power        Failure   Level
a - Foxfire               Conj/Fire      100%         1%          1
b - Conjure Flame         Conj/Fire      34%          1%          3
c - Inner Flame           Hex/Fire       21%          7%          3
d - Sticky Flame          Conj/Fire      34%          5%          4
e - Fireball              Conj/Fire      17%          16%         5

Your spell library contained the following spells:

 Spells                   Type           Power        Failure   Level


Dungeon Overview and Level Annotations

Branches:
Dungeon (10/15)            Temple (1/1) D:6            Lair (0/6) D:8
    Orc (0/2) D:9

Altars:
Ashenzari
Cheibriados
Dithmenos
Elyvilon
Fedhas
Gozag
Hepliaklqana
Kikubaaqudgha
Makhleb
Nemelex Xobeh
Okawaru
Qazlal
Ru
Sif Muna
Trog
Uskayaw
Vehumet
Wu Jian
Xom
Yredelemnul
Zin
The Shining One

Shops:
D:6 }

Annotations:
D:7 3 runed translucent doors, Joseph; Majang's ghost, novice FoFi
D:9 2 transporters


Innate Abilities, Weirdness & Mutations

You cannot wear most types of armour.
You are very stealthy in the water. (Stealth+)
You are amphibious.
You can wear up to eight rings at the same time.
You can use your tentacles to constrict eight enemies at once.
Your skin changes colour to match your surroundings (Stealth+).
Your rubbery body absorbs attacks. (AC +1, EV +1)


Message History

Okay, then.
Casting: Sticky Flame (dangerous; 5% risk of failure)
Confirm with . or Enter, or press ? or * to list all spells.
Aiming: Sticky Flame (dangerous; 5% risk of failure)
Press: ? - help, Shift-Dir - straight line, f - you You can't see any targets that would be affected.
The sticky flame hits something.
The unseen horror is covered in liquid flames!
An unseen horror comes into view.
The unseen horror burns!
The unseen horror closely misses you.
Casting: Sticky Flame (dangerous; 5% risk of failure)
Confirm with . or Enter, or press ? or * to list all spells.
The spell is quite dangerous to cast (16% risk of failure)!
Continue anyway?
Aiming: Fireball (quite dangerous; 16% risk of failure)
Press: ? - help, Shift-Dir - straight line, f - black bear
Aim: a black bear You miscast Fireball.
You are very lightly contaminated with residual magic.
Fire whirls out from your tentacles!
You die...

#.....##...........#
#.....#######....(.#
#.....# #......#
####.## #......#
##..# #####.## #..##
#.# #[## #.#
####'##### #.#
#....@...#
#######.##
#..†.....+
.........#
#...xh...#
########..
#.......^# #.#
#........# #.#
#........# #.#
#........# #.#
####.##### #.# #.
#.#


You could see an unseen horror (invisible, burning, poisoned) and a black bear.

Vanquished Creatures
  A two-headed ogre (D:9)
  The ghost of thewurscht the Ruffian, an amateur TrHu (D:6)
  A troll (D:9)
  A wraith (D:10)
  A wyvern (D:8)
  3 basilisks (D:8)
  4 water moccasins (D:8)
  3 orc warriors
  2 sky beasts (D:7)
  A black bear (D:8)
  4 ice beasts
  3 phantoms
  3 wolves (D:8)
  3 ogres
  4 centaurs
  A bullfrog (D:6)
  A gnoll sergeant (D:6)
  A scorpion (D:8)
  3 wights (D:8)
  3 vampire bats (D:2)
  2 howler monkeys (D:10)
  A centaur skeleton (D:6)
  3 orc priests
  4 hounds
  3 jellies
  6 orc wizards
  6 iguanas
  Jessica (D:2)
  7 worker ants
  A killer bee zombie (D:6)
  A hound zombie (D:6)
  2 worker ant zombies
  5 gnolls (D:6)
  11 adders
  A shadow imp (D:6)
  A white imp (D:4)
  2 ufetubi
  4 oozes
  An adder skeleton (D:7)
  3 dart slugs
  8 leopard geckos
  25 orcs
  5 bats
  5 bat skeletons (D:2)
  11 giant cockroaches
  10 goblins
  8 hobgoblins
  7 jackals (D:3)
  7 kobolds
  6 quokkas
  2 ball pythons
  5 frilled lizards
  A jackal skeleton (D:4)
  2 quokka skeletons
  A quokka zombie (D:6)
  9 rats
221 creatures vanquished.

Vanquished Creatures (collateral kills)
  A foxfire (D:6)
1 creature vanquished.

Vanquished Creatures (others)
  603 foxfires
  8 fungi (D:8)
  14 plants
625 creatures vanquished.

Grand Total: 847 creatures vanquished

Notes
Turn   | Place    | Note
-------+----------+-------------------------------------------
     0 | D:1      | Conn the Octopode Fire Elementalist began the quest for the
                  | Orb.
     0 | D:1      | Reached XP level 1. HP: 11/11 MP: 3/3
   151 | D:1      | Reached XP level 2. HP: 14/17 MP: 5/5
   748 | D:1      | Reached XP level 3. HP: 21/21 MP: 4/6
  1075 | D:2      | Reached skill level 1 in Axes
  1167 | D:2      | Found a sacrificial altar of Ru.
  1169 | D:2      | Found a basalt altar of Yredelemnul.
  1330 | D:2      | Reached XP level 4. HP: 27/27 MP: 2/7
  1417 | D:2      | Found an ancient bone altar of Kikubaaqudgha.
  1431 | D:2      | Reached skill level 1 in Fighting
  1431 | D:2      | Reached XP level 5. HP: 24/33 MP: 2/9
  1723 | D:2      | Noticed Jessica
  1732 | D:2      | Killed Jessica
  1928 | D:3      | Reached XP level 6. HP: 34/38 MP: 8/10
  2134 | D:3      | Found an ornate altar of the Wu Jian Council.
  3365 | D:4      | Reached skill level 5 in Stealth
  3637 | D:4      | Noticed a phantom
  3717 | D:4      | Reached skill level 4 in Fire Magic
  3717 | D:4      | Reached XP level 7. HP: 27/44 MP: 5/12
  4519 | D:3      | Learned a level 3 spell: Conjure Flame
  4523 | D:3      | Learned a level 3 spell: Inner Flame
  4528 | D:3      | Learned a level 4 spell: Sticky Flame
  5103 | D:5      | Entered Level 5 of the Dungeon
  5261 | D:5      | Found a shadowy altar of Dithmenos.
  5531 | D:5      | Reached XP level 8. HP: 51/51 MP: 9/14
  5970 | D:5      | Found a glowing silver altar of Zin.
  6287 | D:6      | Reached skill level 5 in Fire Magic
  6773 | D:6      | Found a runed translucent gate.
  6773 | D:6      | Found a runed translucent gate.
  6773 | D:6      | Found a runed translucent gate.
  6775 | D:6      | Noticed thewurscht's ghost (amateur TrHu)
  6813 | D:6      | Found Luiq's Gadget Emporium.
  6821 | D:6      | Bought a wand of paralysis (9) for 143 gold pieces
  6854 | D:6      | Reached skill level 1 in Evocations
  6913 | D:6      | Found a staircase to the Ecumenical Temple.
  6924 | Temple   | Entered the Ecumenical Temple
  7216 | D:6      | Killed thewurscht's ghost
  7217 | D:6      | Reached skill level 5 in Spellcasting
  7217 | D:6      | Reached skill level 5 in Conjurations
  7217 | D:6      | Reached XP level 9. HP: 26/56 MP: 6/16
  7531 | D:7      | Found a stormy altar of Qazlal.
  7544 | D:7      | Found a runed translucent gate.
  7544 | D:7      | Found a runed translucent gate.
  7544 | D:7      | Found a runed translucent gate.
  7544 | D:7      | Found an opulent altar of Gozag.
  7545 | D:7      | Noticed Majang's ghost (novice FoFi)
  7545 | D:7      | Noticed an orc knight
  7546 | D:7      | Noticed a seven-headed hydra
  7558 | D:7      | Learned a level 5 spell: Fireball
  7622 | D:7      | Found an opulent altar of Gozag.
  7924 | D:7      | Noticed Joseph
  8278 | D:8      | Reached skill level 6 in Fire Magic
  8680 | D:8      | Reached skill level 5 in Axes
  8680 | D:8      | Reached XP level 10. HP: 63/63 MP: 14/19
  9247 | D:8      | Found a staircase to the Lair.
  9709 | D:8      | Found a hazy altar of Hepliaklqana.
  9755 | D:9      | Found a staircase to the Orcish Mines.
  9878 | D:9      | Found a white marble altar of Elyvilon.
  9908 | D:9      | Found a transporter.
  9926 | D:9      | Reached skill level 5 in Evocations
 10134 | D:9      | Noticed a two-headed ogre
 10166 | D:9      | Found a shimmering blue altar of Sif Muna.
 10174 | D:9      | Killed a two-headed ogre
 10175 | D:9      | Reached skill level 7 in Fire Magic
 10296 | D:9      | Became a worshipper of Sif Muna the Loreminder
 10312 | D:9      | Found a transporter.
 10313 | D:9      | Noticed a tengu warrior
 10448 | D:9      | Found a hide-covered altar of Uskayaw.
 10605 | D:9      | Noticed a boulder beetle
 10687 | D:9      | Found a sparkling altar of Nemelex Xobeh.
 10942 | D:10     | Entered Level 10 of the Dungeon
 11385 | D:10     | Noticed an unseen horror
 11386 | D:10     | Killed by miscasting Fireball

Illustrated notes

Levels and vault maps discovered:
D:1:      amcnicky_arrival_underground_garden, layout_basic
D:2:      layout_rooms, chequers_temple_overflow_statue_of_worship,
          kennysheep_vampire_church, uniq_jessica
D:3:      layout_loops_corners, nicolae_overflow_crystal_walls,
          grunt_ministairs_2, minmay_misc_feat_encased
D:4:      layout_loops_ring
D:5:      layout_basic, nicolae_dithmenos_through_a_glass_darkly, basic_altar,
          moated_statue, minmay_lizard_king
D:6:      layout_rooms, minmay_temple_entry_trees, gammafunk_ghost_necromancy,
          serial_shops, shop
D:7:      layout_loops_ring, lemuel_crystal_altar, kennysheep_little_box,
          ebering_ghost_gozag, kennysheep_small_square, uniq_joseph
D:8:      layout_basic, nzn_hepliaklqana_mist_gate, minmay_lair_entry_grove
D:9:      gammafunk_the_bubble [the_bubble_gammafunk_plus_minus], layout_basic,
          lemuel_doored_altar, nemelex_altar_shiori, lemuel_crystal_altar,
          nicolae_overflow_hidden_temple
D:10:     layout_roguey, basic_altar, serial_shops, shop
Temple:   compressed_dpeg_circular_temple

Skill      XL: |  1  2  3  4  5  6  7  8  9 10 |
---------------+-------------------------------+-----
Stealth        | 3 4 5 6 |  6.6
Axes           | 1 2 3 4 5 |  5.6
Fighting       | 1 2 3 4 |  4.5
Conjurations   | 2 3 5 6 |  6.6
Spellcasting   | 3 4 5 6 |  6.8
Fire Magic     | 4 5 6 7 |  7.1
Evocations     | 2 4 5 |  5.7
Dodging        | 3 4 |  4.0

Action                   |  1- 3 |  4- 6 |  7- 9 | 10-12 || total
-------------------------+-------+-------+-------+-------++-------
Melee: Unarmed           |     5 |       |       |       ||     5
       Hand axe          |    22 |    68 |   118 |    52 ||   260
       Constrict         |     4 |    19 |    25 |    10 ||    58
       Tentacles         |     3 |    10 |    20 |    11 ||    44
 Cast: Foxfire           |    29 |    78 |   150 |    82 ||   339
       Conjure Flame     |       |       |     6 |     9 ||    15
       Sticky Flame      |       |       |    15 |    14 ||    29
       Fireball          |       |       |       |     2 ||     2
Evoke: Wand              |       |       |     1 |     1 ||     2
  Use: Potion            |       |       |     1 |     3 ||     4
       Scroll            |       |       |     1 |       ||     1
 Stab: Sleeping          |     9 |     7 |     3 |     4 ||    23
       Paralysed         |       |       |       |     3 ||     3
Armor: Skin              |     4 |     7 |     5 |     5 ||    21
Dodge: Dodged            |    22 |    70 |   129 |    77 ||   298

Table legend: (Time is in decaauts)
 A = Elapsed time spent in this place.
 B = Non-inter-level travel time spent in this place.
 C = Inter-level travel time spent in this place.
 D = Time resting spent in this place.
 E = Time spent auto-exploring this place.
 F = Levels seen in this place.
 G = Mean time per level.
                   A        B        C        D        E       F      G
               +--------+--------+--------+--------+--------+-----+--------+
         Total |  11429 |  11169 |    260 |   1511 |   6105 |  11 | 1039.0 |
       Dungeon |  11342 |  11082 |    260 |   1511 |   6038 |  10 | 1134.2 |
        Temple |     87 |     87 |      0 |      0 |     67 |   1 |   87.0 |
               +--------+--------+--------+--------+--------+-----+--------+

Top non-repeatable levels by time:
     D:4: 1894 daAuts
     D:8: 1378 daAuts
     D:3: 1335 daAuts
     D:9: 1210 daAuts
     D:5: 1116 daAuts
     D:7: 1087 daAuts
     D:1: 1073 daAuts
     D:6: 940 daAuts
     D:2: 859 daAuts
    D:10: 447 daAuts
  Temple: 87 daAuts
